 Dungeon Sprint DCSS version 0.26-a0-771-g060e6a62af (webtiles) character file.

Game seed: 3630724198727753880

1400000 iamoutofideas the Conqueror (level 16, 50/167 HPs)
             Began as a Barachi Berserker on Nov 9, 2020.
             Was a Believer of Makhleb.
             Quit the game in the Dungeon (Sprint VIII: "Arena of Blood").
             The game lasted 00:00:43 (14 turns).

iamoutofideas the Conqueror (Barachi Berserker)       Turns: 14, Time: 00:00:43

Health: 50/167     AC:  3    Str: 20    XL:     16   Next: 7%
Magic:  16/16      EV: 30    Int:  7    God:    Makhleb [**....]
Gold:   0          SH:  0    Dex: 18    Spells: 15/15 levels left

rFire    . . .     SeeInvis .   (no weapon)
rCold    . . .     Faith    .   (no shield)
rNeg     . . .     Spirit   .   b - +0 animal skin
rPois    .         Reflect  .   (no helmet)
rElec    .         Harm     .   (no cloak)
rCorr    .         Rampage  .   (no gloves)
MR       +....     NoTele   +   (no boots)
Stlth    ++........             (no amulet)
HPRegen  0.37/turn              (no ring)
MPRegen  0.15/turn              (no ring)

@: slow
A: +LOS, swims, slowness 1, strong legs 2
a: Hop, Minor Destruction, Renounce Religion


You were in the Dungeon.
You worshipped Makhleb.
Makhleb was pleased with you.
You visited 1 branch

Inventory:

Hand Weapons
 a - a +0 hand axe
Armour
 b - a +0 animal skin (worn)
Scrolls
 h - a scroll of blinking
Potions
 c - a potion of curing
 d - a potion of heal wounds
 e - a potion of haste
 f - 2 potions of magic
 g - a potion of berserk rage


   Skills:
 O Level 27 Fighting
 O Level 27 Axes
 + Level 21.4 Armour
 + Level 21.3 Dodging


You had 15 spell levels left.
You didn't know any spells.
Your spell library was empty.

Dungeon Overview and Level Annotations

Branches:
Dungeon (1/1)

Altars:
Makhleb


Innate Abilities, Weirdness & Mutations

You can be seen from farther away. (+LOS)
You can swim through water.
You cover ground slowly.
You can hop long distances.


Message History

The bag of meat shouts! x3
A meat berserker comes into view. It is wielding a +9 battleaxe.
You hear a shout! x4
The meat berserker rages.
A meat berserker comes into view. It is wielding a +9 battleaxe.
You hear a shout! x2
The meat berserker rages.
You hear a shout! x4
The bag of meat moves out of view.
Items here: )) == ††.
Really attack unarmed? [Y]es or [N]o only, please.
Really attack unarmed?
Okay, then.
Okay, then.
Really attack unarmed? [Y]es or [N]o only, please.
Really attack unarmed?
Okay, then.
Are you sure you want to abandon this character and quit the game? (Confirm with "yes".)

.......#.#..
............
.o.o.o.o....
...........
........... .
.O.....o.. ..
#.......# .#..
#.......# .
.....###@O.....###..
........O)###.......
..#....)).o_........
#O......#.....#.....
........#_.<._# ..
#.......#....o#
..#........_.O...
....OO....###.......
.....###... ..###..


You could see a large bag of meat (inner flame), 6 meat berserkers and 7 bags of
meat.

Vanquished Creatures
  2 ogres (D)
  3 orcs (D)
5 creatures vanquished.

Notes
Turn   | Place    | Note
-------+----------+-------------------------------------------
     0 | D        | Found the +∞ Axe of Woe
     0 | D        | iamoutofideas the Barachi Berserker began the quest for the
                  | Orb.
     0 | D        | Reached XP level 1. HP: 18/18 MP: 1/1
     2 | D        | Noticed a bag of meat
     4 | D        | Fell from the grace of Trog
     4 | D        | Became a worshipper of Makhleb the Destroyer
     5 | D        | Noticed a bag of meat
     5 | D        | Noticed a bag of meat
     6 | D        | Noticed a bag of meat
     6 | D        | Noticed a meat berserker
     8 | D        | Noticed a meat berserker
     8 | D        | Noticed a bag of meat
     9 | D        | Killed a bag of meat
     9 | D        | Reached skill level 10 in Dodging
     9 | D        | Reached XP level 2. HP: 51/51 MP: 2/2
     9 | D        | Reached XP level 3. HP: 58/58 MP: 3/3
     9 | D        | Reached XP level 4. HP: 65/65 MP: 4/4
     9 | D        | Reached XP level 5. HP: 72/72 MP: 5/5
     9 | D        | Reached XP level 6. HP: 79/79 MP: 6/6
     9 | D        | Reached XP level 7. HP: 86/86 MP: 7/7
     9 | D        | Reached XP level 8. HP: 93/93 MP: 8/8
     9 | D        | Reached XP level 9. HP: 99/99 MP: 9/9
     9 | D        | Reached XP level 10. HP: 107/107 MP: 10/10
     9 | D        | Reached XP level 11. HP: 113/113 MP: 11/11
     9 | D        | Reached XP level 12. HP: 121/121 MP: 12/12
     9 | D        | Noticed a meat berserker
     9 | D        | Noticed a meat berserker
     9 | D        | Noticed a large bag of meat
    10 | D        | Killed a meat berserker
    10 | D        | Reached * piety under Makhleb
    10 | D        | Gained mutation: You can hop long distances. [Barachi
                  | growth]
    10 | D        | Reached XP level 13. HP: 8/139 MP: 13/13
    10 | D        | Reached XP level 14. HP: 9/146 MP: 14/14
    10 | D        | Killed a bag of meat
    10 | D        | Reached skill level 15 in Armour
    10 | D        | Killed a bag of meat
    10 | D        | Reached skill level 27 in Fighting
    10 | D        | Reached skill level 15 in Dodging
    10 | D        | Reached XP level 15. HP: 46/159 MP: 15/15
    11 | D        | Killed a meat berserker
    11 | D        | Reached ** piety under Makhleb
    11 | D        | Reached skill level 27 in Axes
    11 | D        | Reached XP level 16. HP: 49/167 MP: 16/16
    12 | D        | Noticed a meat berserker
    12 | D        | Noticed a meat berserker
    13 | D        | Noticed a meat berserker
    13 | D        | Noticed a meat berserker
    14 | D        | Quit the game

Illustrated notes

Levels and vault maps discovered:
D:        meatsprint

Skill      XL: |  1  2  3  4  5  6  7  8  9 10 11 12 13 14 15 |
---------------+----------------------------------------------+-----
Fighting       | 20 24 27 | 27.0
Axes           | 19 23 26 27 | 27.0
Armour         | 12 14 16 21 | 21.4
Dodging        | 10 13 15 21 | 21.3

Action                   |  1- 3 |  4- 6 |  7- 9 | 10-12 | 13-15 | 16-18 || total
-------------------------+-------+-------+-------+-------+-------+-------++-------
Melee: Executioner's axe |     1 |       |       |     1 |     1 |       ||     3

Table legend: (Time is in decaauts)
 A = Elapsed time spent in this place.
 B = Non-inter-level travel time spent in this place.
 C = Inter-level travel time spent in this place.
 D = Time resting spent in this place.
 E = Time spent auto-exploring this place.
 F = Levels seen in this place.
 G = Mean time per level.
                   A        B        C        D        E       F      G
               +--------+--------+--------+--------+--------+-----+--------+
         Total |     15 |     15 |      0 |      0 |      0 |   1 |   15.0 |
       Dungeon |     15 |     15 |      0 |      0 |      0 |   1 |   15.0 |
               +--------+--------+--------+--------+--------+-----+--------+

Top non-repeatable levels by time:
       D: 15 daAuts
